%YAML 1.1
%TAG !u! tag:unity3d.com,2011:
--- !u!1 &5397626629456909947
GameObject:
  m_ObjectHideFlags: 0
  m_CorrespondingSourceObject: {fileID: 0}
  m_PrefabInstance: {fileID: 0}
  m_PrefabAsset: {fileID: 0}
  serializedVersion: 6
  m_Component:
  - component: {fileID: 5397626629456909946}
  m_Layer: 0
  m_Name: SlidePipe
  m_TagString: Untagged
  m_Icon: {fileID: 0}
  m_NavMeshLayer: 0
  m_StaticEditorFlags: 0
  m_IsActive: 1
--- !u!4 &5397626629456909946
Transform:
  m_ObjectHideFlags: 0
  m_CorrespondingSourceObject: {fileID: 0}
  m_PrefabInstance: {fileID: 0}
  m_PrefabAsset: {fileID: 0}
  m_GameObject: {fileID: 5397626629456909947}
  m_LocalRotation: {x: -0.7071068, y: 0, z: -0, w: 0.7071068}
  m_LocalPosition: {x: 59.62, y: 3.76, z: -45.05}
  m_LocalScale: {x: 1, y: 1, z: 1}
  m_ConstrainProportionsScale: 0
  m_Children:
  - {fileID: 5576161878576611378}
  - {fileID: 5576161878597041940}
  - {fileID: 5576161878319396501}
  m_Father: {fileID: 0}
  m_RootOrder: 0
  m_LocalEulerAnglesHint: {x: 0, y: 0, z: 0}
--- !u!1001 &5397626628805175257
PrefabInstance:
  m_ObjectHideFlags: 0
  serializedVersion: 2
  m_Modification:
    m_TransformParent: {fileID: 5397626629456909946}
    m_Modifications:
    - target: {fileID: -8679921383154817045, guid: 7ec40cbd24193ce4cbcb13f0a2d50b3f, type: 3}
      propertyPath: m_RootOrder
      value: 0
      objectReference: {fileID: 0}
    - target: {fileID: -8679921383154817045, guid: 7ec40cbd24193ce4cbcb13f0a2d50b3f, type: 3}
      propertyPath: m_LocalScale.x
      value: 0.056245796
      objectReference: {fileID: 0}
    - target: {fileID: -8679921383154817045, guid: 7ec40cbd24193ce4cbcb13f0a2d50b3f, type: 3}
      propertyPath: m_LocalScale.y
      value: 1
      objectReference: {fileID: 0}
    - target: {fileID: -8679921383154817045, guid: 7ec40cbd24193ce4cbcb13f0a2d50b3f, type: 3}
      propertyPath: m_LocalScale.z
      value: 1
      objectReference: {fileID: 0}
    - target: {fileID: -8679921383154817045, guid: 7ec40cbd24193ce4cbcb13f0a2d50b3f, type: 3}
      propertyPath: m_LocalPosition.x
      value: -2.9939995
      objectReference: {fileID: 0}
    - target: {fileID: -8679921383154817045, guid: 7ec40cbd24193ce4cbcb13f0a2d50b3f, type: 3}
      propertyPath: m_LocalPosition.y
      value: 0.006
      objectReference: {fileID: 0}
    - target: {fileID: -8679921383154817045, guid: 7ec40cbd24193ce4cbcb13f0a2d50b3f, type: 3}
      propertyPath: m_LocalPosition.z
      value: -2.463
      objectReference: {fileID: 0}
    - target: {fileID: -8679921383154817045, guid: 7ec40cbd24193ce4cbcb13f0a2d50b3f, type: 3}
      propertyPath: m_LocalRotation.w
      value: 0.5
      objectReference: {fileID: 0}
    - target: {fileID: -8679921383154817045, guid: 7ec40cbd24193ce4cbcb13f0a2d50b3f, type: 3}
      propertyPath: m_LocalRotation.x
      value: 0.5
      objectReference: {fileID: 0}
    - target: {fileID: -8679921383154817045, guid: 7ec40cbd24193ce4cbcb13f0a2d50b3f, type: 3}
      propertyPath: m_LocalRotation.y
      value: 0.5
      objectReference: {fileID: 0}
    - target: {fileID: -8679921383154817045, guid: 7ec40cbd24193ce4cbcb13f0a2d50b3f, type: 3}
      propertyPath: m_LocalRotation.z
      value: -0.5
      objectReference: {fileID: 0}
    - target: {fileID: -8679921383154817045, guid: 7ec40cbd24193ce4cbcb13f0a2d50b3f, type: 3}
      propertyPath: m_LocalEulerAnglesHint.x
      value: 0
      objectReference: {fileID: 0}
    - target: {fileID: -8679921383154817045, guid: 7ec40cbd24193ce4cbcb13f0a2d50b3f, type: 3}
      propertyPath: m_LocalEulerAnglesHint.y
      value: 0
      objectReference: {fileID: 0}
    - target: {fileID: -8679921383154817045, guid: 7ec40cbd24193ce4cbcb13f0a2d50b3f, type: 3}
      propertyPath: m_LocalEulerAnglesHint.z
      value: -90
      objectReference: {fileID: 0}
    - target: {fileID: -8679921383154817045, guid: 7ec40cbd24193ce4cbcb13f0a2d50b3f, type: 3}
      propertyPath: m_ConstrainProportionsScale
      value: 0
      objectReference: {fileID: 0}
    - target: {fileID: 919132149155446097, guid: 7ec40cbd24193ce4cbcb13f0a2d50b3f, type: 3}
      propertyPath: m_Name
      value: Pipe7 (1)
      objectReference: {fileID: 0}
    m_RemovedComponents: []
  m_SourcePrefab: {fileID: 100100000, guid: 7ec40cbd24193ce4cbcb13f0a2d50b3f, type: 3}
--- !u!1 &5055661133584800392 stripped
GameObject:
  m_CorrespondingSourceObject: {fileID: 919132149155446097, guid: 7ec40cbd24193ce4cbcb13f0a2d50b3f, type: 3}
  m_PrefabInstance: {fileID: 5397626628805175257}
  m_PrefabAsset: {fileID: 0}
--- !u!64 &5397626628157538665
MeshCollider:
  m_ObjectHideFlags: 0
  m_CorrespondingSourceObject: {fileID: 0}
  m_PrefabInstance: {fileID: 0}
  m_PrefabAsset: {fileID: 0}
  m_GameObject: {fileID: 5055661133584800392}
  m_Material: {fileID: 0}
  m_IsTrigger: 0
  m_Enabled: 1
  serializedVersion: 4
  m_Convex: 0
  m_CookingOptions: 30
  m_Mesh: {fileID: -4649448105249647817, guid: 7ec40cbd24193ce4cbcb13f0a2d50b3f, type: 3}
--- !u!114 &5397626628157538666
MonoBehaviour:
  m_ObjectHideFlags: 0
  m_CorrespondingSourceObject: {fileID: 0}
  m_PrefabInstance: {fileID: 0}
  m_PrefabAsset: {fileID: 0}
  m_GameObject: {fileID: 5055661133584800392}
  m_Enabled: 1
  m_EditorHideFlags: 0
  m_Script: {fileID: 11500000, guid: 009a96eaef434ae448aac377da8b0da4, type: 3}
  m_Name: 
  m_EditorClassIdentifier: 
  IsEnabled: 1
  tags:
  - Wall
--- !u!4 &5576161878576611378 stripped
Transform:
  m_CorrespondingSourceObject: {fileID: -8679921383154817045, guid: 7ec40cbd24193ce4cbcb13f0a2d50b3f, type: 3}
  m_PrefabInstance: {fileID: 5397626628805175257}
  m_PrefabAsset: {fileID: 0}
--- !u!1001 &5397626628826503423
PrefabInstance:
  m_ObjectHideFlags: 0
  serializedVersion: 2
  m_Modification:
    m_TransformParent: {fileID: 5397626629456909946}
    m_Modifications:
    - target: {fileID: -8679921383154817045, guid: 7ec40cbd24193ce4cbcb13f0a2d50b3f, type: 3}
      propertyPath: m_RootOrder
      value: 1
      objectReference: {fileID: 0}
    - target: {fileID: -8679921383154817045, guid: 7ec40cbd24193ce4cbcb13f0a2d50b3f, type: 3}
      propertyPath: m_LocalScale.x
      value: 0.13553025
      objectReference: {fileID: 0}
    - target: {fileID: -8679921383154817045, guid: 7ec40cbd24193ce4cbcb13f0a2d50b3f, type: 3}
      propertyPath: m_LocalScale.y
      value: 1
      objectReference: {fileID: 0}
    - target: {fileID: -8679921383154817045, guid: 7ec40cbd24193ce4cbcb13f0a2d50b3f, type: 3}
      propertyPath: m_LocalScale.z
      value: 1
      objectReference: {fileID: 0}
    - target: {fileID: -8679921383154817045, guid: 7ec40cbd24193ce4cbcb13f0a2d50b3f, type: 3}
      propertyPath: m_LocalPosition.x
      value: 1.493
      objectReference: {fileID: 0}
    - target: {fileID: -8679921383154817045, guid: 7ec40cbd24193ce4cbcb13f0a2d50b3f, type: 3}
      propertyPath: m_LocalPosition.y
      value: -0.01
      objectReference: {fileID: 0}
    - target: {fileID: -8679921383154817045, guid: 7ec40cbd24193ce4cbcb13f0a2d50b3f, type: 3}
      propertyPath: m_LocalPosition.z
      value: -2.441
      objectReference: {fileID: 0}
    - target: {fileID: -8679921383154817045, guid: 7ec40cbd24193ce4cbcb13f0a2d50b3f, type: 3}
      propertyPath: m_LocalRotation.w
      value: 0.5
      objectReference: {fileID: 0}
    - target: {fileID: -8679921383154817045, guid: 7ec40cbd24193ce4cbcb13f0a2d50b3f, type: 3}
      propertyPath: m_LocalRotation.x
      value: 0.5
      objectReference: {fileID: 0}
    - target: {fileID: -8679921383154817045, guid: 7ec40cbd24193ce4cbcb13f0a2d50b3f, type: 3}
      propertyPath: m_LocalRotation.y
      value: 0.5
      objectReference: {fileID: 0}
    - target: {fileID: -8679921383154817045, guid: 7ec40cbd24193ce4cbcb13f0a2d50b3f, type: 3}
      propertyPath: m_LocalRotation.z
      value: -0.5
      objectReference: {fileID: 0}
    - target: {fileID: -8679921383154817045, guid: 7ec40cbd24193ce4cbcb13f0a2d50b3f, type: 3}
      propertyPath: m_LocalEulerAnglesHint.x
      value: 0
      objectReference: {fileID: 0}
    - target: {fileID: -8679921383154817045, guid: 7ec40cbd24193ce4cbcb13f0a2d50b3f, type: 3}
      propertyPath: m_LocalEulerAnglesHint.y
      value: 0
      objectReference: {fileID: 0}
    - target: {fileID: -8679921383154817045, guid: 7ec40cbd24193ce4cbcb13f0a2d50b3f, type: 3}
      propertyPath: m_LocalEulerAnglesHint.z
      value: -90
      objectReference: {fileID: 0}
    - target: {fileID: -8679921383154817045, guid: 7ec40cbd24193ce4cbcb13f0a2d50b3f, type: 3}
      propertyPath: m_ConstrainProportionsScale
      value: 0
      objectReference: {fileID: 0}
    - target: {fileID: 919132149155446097, guid: 7ec40cbd24193ce4cbcb13f0a2d50b3f, type: 3}
      propertyPath: m_Name
      value: Pipe7
      objectReference: {fileID: 0}
    m_RemovedComponents: []
  m_SourcePrefab: {fileID: 100100000, guid: 7ec40cbd24193ce4cbcb13f0a2d50b3f, type: 3}
--- !u!1 &5055661133607314862 stripped
GameObject:
  m_CorrespondingSourceObject: {fileID: 919132149155446097, guid: 7ec40cbd24193ce4cbcb13f0a2d50b3f, type: 3}
  m_PrefabInstance: {fileID: 5397626628826503423}
  m_PrefabAsset: {fileID: 0}
--- !u!64 &5397626628663990117
MeshCollider:
  m_ObjectHideFlags: 0
  m_CorrespondingSourceObject: {fileID: 0}
  m_PrefabInstance: {fileID: 0}
  m_PrefabAsset: {fileID: 0}
  m_GameObject: {fileID: 5055661133607314862}
  m_Material: {fileID: 0}
  m_IsTrigger: 0
  m_Enabled: 1
  serializedVersion: 4
  m_Convex: 0
  m_CookingOptions: 30
  m_Mesh: {fileID: -4649448105249647817, guid: 7ec40cbd24193ce4cbcb13f0a2d50b3f, type: 3}
--- !u!114 &5397626628663990118
MonoBehaviour:
  m_ObjectHideFlags: 0
  m_CorrespondingSourceObject: {fileID: 0}
  m_PrefabInstance: {fileID: 0}
  m_PrefabAsset: {fileID: 0}
  m_GameObject: {fileID: 5055661133607314862}
  m_Enabled: 1
  m_EditorHideFlags: 0
  m_Script: {fileID: 11500000, guid: 009a96eaef434ae448aac377da8b0da4, type: 3}
  m_Name: 
  m_EditorClassIdentifier: 
  IsEnabled: 1
  tags:
  - Wall
--- !u!4 &5576161878597041940 stripped
Transform:
  m_CorrespondingSourceObject: {fileID: -8679921383154817045, guid: 7ec40cbd24193ce4cbcb13f0a2d50b3f, type: 3}
  m_PrefabInstance: {fileID: 5397626628826503423}
  m_PrefabAsset: {fileID: 0}
--- !u!1001 &5397626629104079230
PrefabInstance:
  m_ObjectHideFlags: 0
  serializedVersion: 2
  m_Modification:
    m_TransformParent: {fileID: 5397626629456909946}
    m_Modifications:
    - target: {fileID: -8679921383154817045, guid: ea46a200ef8a3694eac0b1a3952af3a9, type: 3}
      propertyPath: m_RootOrder
      value: 2
      objectReference: {fileID: 0}
    - target: {fileID: -8679921383154817045, guid: ea46a200ef8a3694eac0b1a3952af3a9, type: 3}
      propertyPath: m_LocalPosition.x
      value: 0
      objectReference: {fileID: 0}
    - target: {fileID: -8679921383154817045, guid: ea46a200ef8a3694eac0b1a3952af3a9, type: 3}
      propertyPath: m_LocalPosition.y
      value: 0
      objectReference: {fileID: 0}
    - target: {fileID: -8679921383154817045, guid: ea46a200ef8a3694eac0b1a3952af3a9, type: 3}
      propertyPath: m_LocalPosition.z
      value: 0
      objectReference: {fileID: 0}
    - target: {fileID: -8679921383154817045, guid: ea46a200ef8a3694eac0b1a3952af3a9, type: 3}
      propertyPath: m_LocalRotation.w
      value: 1
      objectReference: {fileID: 0}
    - target: {fileID: -8679921383154817045, guid: ea46a200ef8a3694eac0b1a3952af3a9, type: 3}
      propertyPath: m_LocalRotation.x
      value: -0
      objectReference: {fileID: 0}
    - target: {fileID: -8679921383154817045, guid: ea46a200ef8a3694eac0b1a3952af3a9, type: 3}
      propertyPath: m_LocalRotation.y
      value: -0
      objectReference: {fileID: 0}
    - target: {fileID: -8679921383154817045, guid: ea46a200ef8a3694eac0b1a3952af3a9, type: 3}
      propertyPath: m_LocalRotation.z
      value: -0
      objectReference: {fileID: 0}
    - target: {fileID: -8679921383154817045, guid: ea46a200ef8a3694eac0b1a3952af3a9, type: 3}
      propertyPath: m_LocalEulerAnglesHint.x
      value: -90
      objectReference: {fileID: 0}
    - target: {fileID: -8679921383154817045, guid: ea46a200ef8a3694eac0b1a3952af3a9, type: 3}
      propertyPath: m_LocalEulerAnglesHint.y
      value: 0
      objectReference: {fileID: 0}
    - target: {fileID: -8679921383154817045, guid: ea46a200ef8a3694eac0b1a3952af3a9, type: 3}
      propertyPath: m_LocalEulerAnglesHint.z
      value: 0
      objectReference: {fileID: 0}
    - target: {fileID: -8679921383154817045, guid: ea46a200ef8a3694eac0b1a3952af3a9, type: 3}
      propertyPath: m_ConstrainProportionsScale
      value: 1
      objectReference: {fileID: 0}
    - target: {fileID: 919132149155446097, guid: ea46a200ef8a3694eac0b1a3952af3a9, type: 3}
      propertyPath: m_Name
      value: Pipe5
      objectReference: {fileID: 0}
    m_RemovedComponents: []
  m_SourcePrefab: {fileID: 100100000, guid: ea46a200ef8a3694eac0b1a3952af3a9, type: 3}
--- !u!1 &3537431759768395755 stripped
GameObject:
  m_CorrespondingSourceObject: {fileID: 8934934556371193493, guid: ea46a200ef8a3694eac0b1a3952af3a9, type: 3}
  m_PrefabInstance: {fileID: 5397626629104079230}
  m_PrefabAsset: {fileID: 0}
--- !u!64 &5397626628047871068
MeshCollider:
  m_ObjectHideFlags: 0
  m_CorrespondingSourceObject: {fileID: 0}
  m_PrefabInstance: {fileID: 0}
  m_PrefabAsset: {fileID: 0}
  m_GameObject: {fileID: 3537431759768395755}
  m_Material: {fileID: 0}
  m_IsTrigger: 0
  m_Enabled: 1
  serializedVersion: 4
  m_Convex: 0
  m_CookingOptions: 30
  m_Mesh: {fileID: -4951285911583840472, guid: ea46a200ef8a3694eac0b1a3952af3a9, type: 3}
--- !u!114 &5397626628047871069
MonoBehaviour:
  m_ObjectHideFlags: 0
  m_CorrespondingSourceObject: {fileID: 0}
  m_PrefabInstance: {fileID: 0}
  m_PrefabAsset: {fileID: 0}
  m_GameObject: {fileID: 3537431759768395755}
  m_Enabled: 1
  m_EditorHideFlags: 0
  m_Script: {fileID: 11500000, guid: 009a96eaef434ae448aac377da8b0da4, type: 3}
  m_Name: 
  m_EditorClassIdentifier: 
  IsEnabled: 1
  tags:
  - Wall
--- !u!1 &5178046555683575926 stripped
GameObject:
  m_CorrespondingSourceObject: {fileID: 951426353058826504, guid: ea46a200ef8a3694eac0b1a3952af3a9, type: 3}
  m_PrefabInstance: {fileID: 5397626629104079230}
  m_PrefabAsset: {fileID: 0}
--- !u!64 &5397626628320574080
MeshCollider:
  m_ObjectHideFlags: 0
  m_CorrespondingSourceObject: {fileID: 0}
  m_PrefabInstance: {fileID: 0}
  m_PrefabAsset: {fileID: 0}
  m_GameObject: {fileID: 5178046555683575926}
  m_Material: {fileID: 0}
  m_IsTrigger: 0
  m_Enabled: 1
  serializedVersion: 4
  m_Convex: 0
  m_CookingOptions: 30
  m_Mesh: {fileID: 8578759859415315838, guid: ea46a200ef8a3694eac0b1a3952af3a9, type: 3}
--- !u!114 &5397626628320574081
MonoBehaviour:
  m_ObjectHideFlags: 0
  m_CorrespondingSourceObject: {fileID: 0}
  m_PrefabInstance: {fileID: 0}
  m_PrefabAsset: {fileID: 0}
  m_GameObject: {fileID: 5178046555683575926}
  m_Enabled: 1
  m_EditorHideFlags: 0
  m_Script: {fileID: 11500000, guid: 009a96eaef434ae448aac377da8b0da4, type: 3}
  m_Name: 
  m_EditorClassIdentifier: 
  IsEnabled: 1
  tags:
  - Wall
--- !u!1 &5406825603356529014 stripped
GameObject:
  m_CorrespondingSourceObject: {fileID: -9088017829982273528, guid: ea46a200ef8a3694eac0b1a3952af3a9, type: 3}
  m_PrefabInstance: {fileID: 5397626629104079230}
  m_PrefabAsset: {fileID: 0}
--- !u!64 &5397626628589165093
MeshCollider:
  m_ObjectHideFlags: 0
  m_CorrespondingSourceObject: {fileID: 0}
  m_PrefabInstance: {fileID: 0}
  m_PrefabAsset: {fileID: 0}
  m_GameObject: {fileID: 5406825603356529014}
  m_Material: {fileID: 0}
  m_IsTrigger: 0
  m_Enabled: 1
  serializedVersion: 4
  m_Convex: 0
  m_CookingOptions: 30
  m_Mesh: {fileID: 344041524788306520, guid: ea46a200ef8a3694eac0b1a3952af3a9, type: 3}
--- !u!114 &5397626628589165094
MonoBehaviour:
  m_ObjectHideFlags: 0
  m_CorrespondingSourceObject: {fileID: 0}
  m_PrefabInstance: {fileID: 0}
  m_PrefabAsset: {fileID: 0}
  m_GameObject: {fileID: 5406825603356529014}
  m_Enabled: 1
  m_EditorHideFlags: 0
  m_Script: {fileID: 11500000, guid: 009a96eaef434ae448aac377da8b0da4, type: 3}
  m_Name: 
  m_EditorClassIdentifier: 
  IsEnabled: 1
  tags:
  - Wall
--- !u!4 &5576161878319396501 stripped
Transform:
  m_CorrespondingSourceObject: {fileID: -8679921383154817045, guid: ea46a200ef8a3694eac0b1a3952af3a9, type: 3}
  m_PrefabInstance: {fileID: 5397626629104079230}
  m_PrefabAsset: {fileID: 0}
--- !u!1 &7703759281547847599 stripped
GameObject:
  m_CorrespondingSourceObject: {fileID: -6917114982824462639, guid: ea46a200ef8a3694eac0b1a3952af3a9, type: 3}
  m_PrefabInstance: {fileID: 5397626629104079230}
  m_PrefabAsset: {fileID: 0}
--- !u!64 &5397626629338087290
MeshCollider:
  m_ObjectHideFlags: 0
  m_CorrespondingSourceObject: {fileID: 0}
  m_PrefabInstance: {fileID: 0}
  m_PrefabAsset: {fileID: 0}
  m_GameObject: {fileID: 7703759281547847599}
  m_Material: {fileID: 0}
  m_IsTrigger: 0
  m_Enabled: 1
  serializedVersion: 4
  m_Convex: 0
  m_CookingOptions: 30
  m_Mesh: {fileID: 7363139436660427854, guid: ea46a200ef8a3694eac0b1a3952af3a9, type: 3}
--- !u!114 &5397626629338087291
MonoBehaviour:
  m_ObjectHideFlags: 0
  m_CorrespondingSourceObject: {fileID: 0}
  m_PrefabInstance: {fileID: 0}
  m_PrefabAsset: {fileID: 0}
  m_GameObject: {fileID: 7703759281547847599}
  m_Enabled: 1
  m_EditorHideFlags: 0
  m_Script: {fileID: 11500000, guid: 009a96eaef434ae448aac377da8b0da4, type: 3}
  m_Name: 
  m_EditorClassIdentifier: 
  IsEnabled: 1
  tags:
  - Wall
